[ AOE2 MATCH · #482496685 ]
UnrankedBurgundians vs Tupi
[ REPLAY ANALYSIS · EXTRACTED FROM THE RECORDED GAME ]
Feudal
12:22
Castle
16:35
Imperial
31:56
| APM avg | 24.4 |
| APM peak | 59 |
| eAPM avg | 16.6 |
| Villagers / military | 168 / 178 |
Focus
⚔️ 39.8% · 🌾 60.2%
Spearman ×110 · Knight ×43 · Trebuchet (Packed) ×9 · Mangonel ×8 · Skirmisher ×8
Feudal
9:48
Castle
20:08
Imperial
36:41
| APM avg | 21.3 |
| APM peak | 75 |
| eAPM avg | 13.3 |
| Villagers / military | 128 / 8 |
Focus
⚔️ 43.4% · 🌾 56.6%
Unknown (2582) ×139 · Unknown (2579) ×74 · Trade Cart ×10 · Trebuchet (Packed) ×8
Feudal
11:49
Castle
19:40
Imperial
31:57
| APM avg | 11.1 |
| APM peak | 26 |
| eAPM avg | 7.0 |
| Villagers / military | 92 / 76 |
Focus
⚔️ 15.9% · 🌾 84.1%
Militia ×27 · Scorpion ×23 · Spearman ×21 · Trade Cart ×5 · Centurion ×3 · Trebuchet (Packed) ×2
Feudal
12:14
Castle
19:36
Imperial
33:56
| APM avg | 15.1 |
| APM peak | 64 |
| eAPM avg | 9.0 |
| Villagers / military | 118 / 326 |
Focus
⚔️ 34.2% · 🌾 65.8%
Tarkan ×265 · Scout Cavalry ×61
Feudal
10:53
Castle
14:41
Imperial
31:22
| APM avg | 59.5 |
| APM peak | 107 |
| eAPM avg | 31.5 |
| Villagers / military | 134 / 403 |
Focus
⚔️ 41.2% · 🌾 58.8%
Eagle Scout ×180 · Skirmisher ×100 · Spearman ×66 · Jaguar Warrior ×27 · Trebuchet (Packed) ×10 · Monk ×9
Feudal
—
Castle
—
Imperial
—
| APM avg | 14.0 |
| APM peak | 40 |
| eAPM avg | 7.7 |
| Villagers / military | 128 / 88 |
Focus
⚔️ 18.2% · 🌾 81.8%
Knight ×36 · Scout Cavalry ×25 · Conquistador ×23 · Battering Ram ×4
Feudal
12:07
Castle
25:14
Imperial
35:21
| APM avg | 31.9 |
| APM peak | 103 |
| eAPM avg | 17.1 |
| Villagers / military | 135 / 214 |
Focus
⚔️ 29.9% · 🌾 70.1%
Scorpion ×190 · Trade Cart ×65 · Spearman ×24
Feudal
—
Castle
—
Imperial
—
| APM avg | 10.2 |
| APM peak | 40 |
| eAPM avg | 8.2 |
| Villagers / military | 106 / 110 |
Focus
⚔️ 33.2% · 🌾 66.8%
Hussite Wagon ×51 · Skirmisher ×35 · Hand Cannoneer ×12 · Bombard Cannon ×8 · Mangonel ×2 · Trebuchet (Packed) ×2
Match map
Initial resources + every placement click. Lines = walls · curves = elevation contours. ◆ gold · ⬟ stone · ● berries · ✦ relic · ◌ wall gap
Your base· ✓ Closed at 16:35 · 0t walls · 3 gate(s)
EvilxAnthony's base· ✓ Closed at 20:08 · 0t walls · 2 gate(s)
Dani120588's base· ✓ Closed at 19:40 · 0t walls · 2 gate(s)
kirlito's base· ✓ Closed at 19:36 · 0t walls · 3 gate(s)
CCM | Muflon de Elite's base· ✓ Closed at 14:41 · 0t walls · 2 gate(s)
Wiggly ChiChisX's base· ✓ Closed at 14:02 · 0t walls · 3 gate(s)
Rangga's base· ✓ Closed at 25:14 · 0t walls · 2 gate(s)
CCMNGEDUAR's base· ✓ Closed at 18:07 · 0t walls · 4 gate(s)
Smoothed initial terrain · ◌ = detected wall gap · hover for details
Inputs per minute
— [CCMNG]JhonSlowCo - - EvilxAnthony
Build order — [CCMNG]JhonSlowCo
First 150 of 607 actions detected
| 0:01 | Create | Villager (Male) |
| 0:01 | Create | Villager (Male) |
| 0:01 | Create | Villager (Male) |
| 0:02 | Create | Villager (Male) |
| 0:02 | Create | Villager (Male) |
| 0:05 | Build | House |
| 0:08 | Build | House |
| 1:36 | Create | Villager (Male) |
| 1:36 | Create | Villager (Male) |
| 2:09 | Create | Villager (Male) |
| 2:09 | Create | Villager (Male) |
| 2:09 | Create | Villager (Male) |
| 2:09 | Create | Villager (Male) |
| 2:12 | Create | Villager (Male) |
| 2:12 | Create | Villager (Male) |
| 2:12 | Create | Villager (Male) |
| 2:19 | Build | Lumber Camp |
| 2:51 | Create | Villager (Male) |
| 2:51 | Create | Villager (Male) |
| 2:51 | Create | Villager (Male) |
| 3:18 | Create | Villager (Male) |
| 3:18 | Create | Villager (Male) |
| 4:07 | Build | House |
| 4:09 | Build | House |
| 4:13 | Create | Villager (Male) |
| 4:14 | Create | Villager (Male) |
| 4:14 | Create | Villager (Male) |
| 4:18 | Create | Villager (Male) |
| 4:18 | Create | Villager (Male) |
| 4:53 | Create | Villager (Male) |
| 4:53 | Create | Villager (Male) |
| 4:53 | Create | Villager (Male) |
| 4:59 | Build | Mill |
| 5:29 | Create | Villager (Male) |
| 5:29 | Create | Villager (Male) |
| 5:29 | Create | Villager (Male) |
| 5:30 | Create | Villager (Male) |
| 6:42 | Create | Villager (Male) |
| 6:42 | Create | Villager (Male) |
| 6:42 | Create | Villager (Male) |
| 6:42 | Create | Villager (Male) |
| 6:42 | Create | Villager (Male) |
| 6:42 | Create | Villager (Male) |
| 6:59 | Create | Villager (Male) |
| 6:59 | Create | Villager (Male) |
| 6:59 | Create | Villager (Male) |
| 7:43 | Create | Villager (Male) |
| 7:43 | Create | Villager (Male) |
| 7:43 | Create | Villager (Male) |
| 8:03 | Create | Villager (Male) |
| 8:03 | Create | Villager (Male) |
| 8:03 | Create | Villager (Male) |
| 8:03 | Create | Villager (Male) |
| 8:27 | Build | Lumber Camp |
| 9:20 | Create | Villager (Male) |
| 9:20 | Create | Villager (Male) |
| 9:37 | Create | Villager (Male) |
| 9:37 | Create | Villager (Male) |
| 9:46 | Build | Mining Camp |
| 9:54 | Build | Mining Camp |
| 10:12 | Research | Feudal Age |
| 10:47 | Research | Double-Bit Axe |
| 10:55 | Build | House |
| 11:48 | Build | Farm |
| 11:49 | Build | Farm |
| 11:55 | Build | Farm |
| 11:56 | Build | Farm |
| 12:22 | Age | Feudal Age |
| 12:33 | Build | Market |
| 12:43 | Build | Blacksmith |
| 13:05 | Create | Villager (Male) |
| 13:05 | Create | Villager (Male) |
| 13:45 | Research | Castle Age |
| 13:58 | Build | Farm |
| 13:59 | Build | Farm |
| 14:00 | Build | Farm |
| 14:20 | Build | House |
| 14:21 | Build | House |
| 14:23 | Build | House |
| 14:55 | Research | Bow Saw |
| 14:58 | Research | Horse Collar |
| 15:31 | Build | House |
| 15:32 | Build | House |
| 15:38 | Create | Villager (Male) |
| 15:39 | Create | Villager (Male) |
| 15:46 | Research | Loom |
| 16:35 | Age | Castle Age |
| 16:38 | Build | Town Center |
| 16:48 | Build | Town Center |
| 16:58 | Research | Wheelbarrow |
| 17:22 | Create | Villager (Male) |
| 17:23 | Create | Villager (Male) |
| 17:38 | Build | Barracks |
| 18:12 | Build | Farm |
| 18:12 | Build | Farm |
| 18:12 | Build | Farm |
| 18:12 | Build | Farm |
| 18:22 | Create | Villager (Male) |
| 18:22 | Create | Villager (Male) |
| 18:22 | Create | Villager (Male) |
| 18:28 | Create | Villager (Male) |
| 18:28 | Create | Villager (Male) |
| 18:28 | Create | Villager (Male) |
| 18:29 | Create | Villager (Male) |
| 18:29 | Create | Villager (Male) |
| 18:37 | Research | Wheelbarrow |
| 19:11 | Create | Villager (Male) |
| 19:11 | Create | Villager (Male) |
| 19:34 | Build | Farm |
| 19:34 | Build | Farm |
| 19:35 | Build | Farm |
| 19:35 | Build | Farm |
| 19:43 | Build | Farm |
| 19:43 | Build | Farm |
| 19:43 | Build | Farm |
| 19:43 | Build | Farm |
| 20:13 | Create | Villager (Male) |
| 20:13 | Create | Villager (Male) |
| 20:13 | Create | Villager (Male) |
| 20:14 | Create | Villager (Male) |
| 20:31 | Build | Stable |
| 20:47 | Create | Villager (Male) |
| 20:47 | Create | Villager (Male) |
| 20:53 | Create | Villager (Male) |
| 20:53 | Create | Villager (Male) |
| 21:09 | Build | Mill |
| 21:11 | Build | Farm |
| 21:11 | Build | Farm |
| 21:11 | Build | Farm |
| 21:11 | Build | Farm |
| 21:11 | Build | Farm |
| 21:12 | Build | Farm |
| 21:13 | Build | Farm |
| 21:21 | Create | Villager (Male) |
| 21:21 | Create | Villager (Male) |
| 21:21 | Create | Villager (Male) |
| 21:21 | Create | Villager (Male) |
| 21:21 | Create | Villager (Male) |
| 21:21 | Create | Villager (Male) |
| 21:21 | Create | Villager (Male) |
| 21:45 | Research | Two-Man Saw |
| 21:51 | Build | House |
| 21:52 | Build | House |
| 21:54 | Build | House |
| 22:09 | Build | Farm |
| 22:16 | Build | Farm |
| 22:22 | Create | Villager (Male) |
| 22:22 | Create | Villager (Male) |
| 22:37 | Build | House |
| 22:38 | Build | House |
Build order — EvilxAnthony
First 150 of 504 actions detected
| 0:02 | Create | Villager (Male) |
| 0:02 | Create | Villager (Male) |
| 0:05 | Build | House |
| 0:08 | Build | House |
| 0:11 | Create | Villager (Male) |
| 0:13 | Create | Villager (Male) |
| 0:28 | Research | Loom |
| 1:19 | Create | Villager (Male) |
| 1:35 | Create | Villager (Male) |
| 2:17 | Create | Villager (Male) |
| 2:56 | Create | Villager (Male) |
| 2:59 | Create | Villager (Male) |
| 4:07 | Create | Villager (Male) |
| 4:23 | Build | Settlement |
| 4:30 | Create | Villager (Male) |
| 4:38 | Create | Villager (Male) |
| 4:51 | Create | Villager (Male) |
| 4:52 | Create | Villager (Male) |
| 5:15 | Create | Villager (Male) |
| 5:40 | Create | Villager (Male) |
| 5:57 | Create | Villager (Male) |
| 6:11 | Create | Villager (Male) |
| 6:22 | Create | Villager (Male) |
| 6:40 | Create | Villager (Male) |
| 6:56 | Create | Villager (Male) |
| 7:16 | Build | Settlement |
| 7:32 | Create | Villager (Male) |
| 7:38 | Research | Feudal Age |
| 8:15 | Create | Villager (Male) |
| 8:43 | Create | Villager (Male) |
| 9:13 | Build | Outpost |
| 9:16 | Build | Outpost |
| 9:19 | Build | Outpost |
| 9:25 | Build | Outpost |
| 9:29 | Build | Outpost |
| 9:37 | Build | Outpost |
| 9:41 | Build | Outpost |
| 9:48 | Age | Feudal Age |
| 9:50 | Create | Villager (Male) |
| 10:35 | Build | Blacksmith |
| 10:43 | Build | Market |
| 11:00 | Research | Horse Collar |
| 11:01 | Research | Double-Bit Axe |
| 11:27 | Build | Farm |
| 11:36 | Build | House |
| 11:39 | Build | House |
| 11:40 | Build | House |
| 11:41 | Build | House |
| 11:42 | Build | House |
| 11:43 | Build | House |
| 11:44 | Build | House |
| 11:45 | Build | House |
| 11:45 | Build | House |
| 11:47 | Create | Villager (Male) |
| 11:52 | Research | Town Watch |
| 12:23 | Build | Farm |
| 12:28 | Build | Farm |
| 12:33 | Build | Farm |
| 12:38 | Build | Farm |
| 12:40 | Create | Villager (Male) |
| 12:43 | Create | Villager (Male) |
| 12:49 | Research | Wheelbarrow |
| 12:57 | Research | Wheelbarrow |
| 13:28 | Build | Settlement |
| 13:33 | Create | Villager (Male) |
| 13:42 | Build | Farm |
| 13:46 | Build | Farm |
| 13:49 | Build | Farm |
| 13:54 | Build | Farm |
| 14:43 | Create | Villager (Male) |
| 15:30 | Create | Villager (Male) |
| 15:33 | Create | Villager (Male) |
| 15:52 | Build | Farm |
| 15:53 | Build | Farm |
| 15:53 | Build | Farm |
| 15:54 | Build | Farm |
| 16:06 | Create | Villager (Male) |
| 16:12 | Build | House |
| 16:12 | Build | House |
| 16:12 | Build | House |
| 16:13 | Build | House |
| 16:13 | Build | House |
| 16:13 | Build | House |
| 16:14 | Build | House |
| 17:03 | Create | Villager (Male) |
| 17:19 | Research | Castle Age |
| 18:08 | Create | Villager (Male) |
| 18:09 | Create | Villager (Male) |
| 18:43 | Build | House |
| 18:44 | Build | House |
| 18:44 | Build | House |
| 18:44 | Build | House |
| 18:44 | Build | House |
| 18:45 | Build | House |
| 18:45 | Build | House |
| 18:47 | Create | Villager (Male) |
| 19:18 | Research | Gold Mining |
| 19:18 | Research | Stone Mining |
| 19:47 | Create | Villager (Male) |
| 19:50 | Create | Villager (Male) |
| 19:50 | Create | Villager (Male) |
| 19:50 | Create | Villager (Male) |
| 19:51 | Create | Villager (Male) |
| 19:51 | Create | Villager (Male) |
| 19:51 | Create | Villager (Male) |
| 19:52 | Create | Villager (Male) |
| 19:52 | Create | Villager (Male) |
| 19:52 | Create | Villager (Male) |
| 19:52 | Create | Villager (Male) |
| 20:04 | Build | Outpost |
| 20:08 | Age | Castle Age |
| 20:16 | Build | Outpost |
| 20:22 | Build | Outpost |
| 20:26 | Build | Outpost |
| 20:47 | Research | Town Patrol |
| 20:50 | Research | Hand Cart |
| 20:56 | Research | Heavy Plow |
| 21:01 | Create | Villager (Male) |
| 21:29 | Create | Villager (Male) |
| 21:33 | Research | Bow Saw |
| 23:06 | Create | Villager (Male) |
| 23:06 | Create | Villager (Male) |
| 23:06 | Create | Villager (Male) |
| 23:07 | Create | Villager (Male) |
| 23:20 | Build | Town Center |
| 23:25 | Create | Villager (Male) |
| 25:05 | Create | Villager (Male) |
| 25:37 | Create | Villager (Male) |
| 25:39 | Create | Villager (Male) |
| 25:40 | Create | Villager (Male) |
| 25:42 | Create | Villager (Male) |
| 25:42 | Create | Villager (Male) |
| 25:43 | Create | Villager (Male) |
| 25:43 | Create | Villager (Male) |
| 25:44 | Create | Villager (Male) |
| 25:44 | Create | Villager (Male) |
| 25:50 | Create | Villager (Male) |
| 25:50 | Create | Villager (Male) |
| 25:50 | Create | Villager (Male) |
| 25:51 | Create | Villager (Male) |
| 25:51 | Create | Villager (Male) |
| 25:51 | Create | Villager (Male) |
| 26:02 | Build | Town Center |
| 26:07 | Create | Villager (Male) |
| 26:07 | Create | Villager (Male) |
| 26:18 | Build | Farm |
| 27:12 | Create | Villager (Male) |
| 27:13 | Create | Villager (Male) |
| 27:15 | Create | Villager (Male) |
| 27:16 | Create | Villager (Male) |
Build order — Dani120588
First 150 of 212 actions detected
| 0:25 | Create | Villager (Male) ×4 |
| 0:29 | Build | House |
| 0:30 | Build | House |
| 0:32 | Build | House |
| 2:01 | Create | Villager (Male) |
| 2:50 | Create | Villager (Male) ×2 |
| 2:54 | Build | Mill |
| 3:29 | Create | Villager (Male) |
| 4:07 | Create | Villager (Male) |
| 4:26 | Create | Villager (Male) |
| 4:44 | Create | Villager (Male) |
| 4:45 | Create | Villager (Male) |
| 4:45 | Create | Villager (Male) |
| 4:45 | Create | Villager (Male) |
| 6:10 | Create | Villager (Male) |
| 6:14 | Create | Villager (Male) |
| 6:36 | Create | Villager (Male) |
| 6:39 | Research | Loom |
| 6:52 | Create | Villager (Male) |
| 7:49 | Create | Villager (Male) |
| 7:51 | Create | Villager (Male) |
| 7:56 | Build | House |
| 7:57 | Build | House |
| 8:14 | Build | Lumber Camp |
| 8:42 | Create | Villager (Male) |
| 8:59 | Build | House |
| 9:07 | Research | Feudal Age |
| 9:36 | Build | Mill |
| 9:50 | Build | House |
| 9:51 | Build | House |
| 10:43 | Build | Mining Camp |
| 11:24 | Build | Mining Camp |
| 11:28 | Create | Villager (Male) ×5 |
| 11:49 | Age | Feudal Age |
| 11:59 | Research | Double-Bit Axe |
| 12:45 | Build | Market |
| 13:24 | Create | Villager (Male) |
| 13:57 | Build | Blacksmith |
| 14:08 | Create | Villager (Male) |
| 14:14 | Create | Villager (Male) |
| 14:14 | Create | Villager (Male) |
| 14:22 | Build | Farm |
| 14:48 | Build | Farm |
| 15:12 | Build | Farm |
| 15:24 | Create | Villager (Male) |
| 15:32 | Build | Farm |
| 15:33 | Build | Farm |
| 15:34 | Build | Farm |
| 15:36 | Build | Farm |
| 15:38 | Build | Farm |
| 15:39 | Build | Farm |
| 15:40 | Build | Farm |
| 15:56 | Build | Farm |
| 16:03 | Build | Farm |
| 16:35 | Create | Villager (Male) |
| 16:55 | Research | Castle Age |
| 17:17 | Research | Horse Collar |
| 17:17 | Research | Horse Collar |
| 17:26 | Research | Stone Mining |
| 17:49 | Build | Barracks |
| 17:53 | Research | Gold Mining |
| 19:20 | Research | Scale Mail Armor |
| 19:20 | Research | Forging |
| 19:23 | Research | Fletching |
| 19:40 | Age | Castle Age |
| 19:52 | Build | Town Center |
| 19:54 | Create | Villager (Male) ×4 |
| 20:35 | Build | Barracks |
| 20:52 | Build | Town Center |
| 20:58 | Create | Villager (Male) |
| 20:58 | Create | Villager (Male) |
| 22:04 | Create | Villager (Male) |
| 22:05 | Create | Villager (Male) |
| 22:06 | Create | Villager (Male) |
| 22:06 | Create | Villager (Male) |
| 22:17 | Research | Wheelbarrow |
| 22:22 | Create | Villager (Male) ×2 |
| 22:35 | Build | Farm |
| 22:39 | Create | Villager (Male) |
| 22:40 | Create | Villager (Male) |
| 22:53 | Build | Castle |
| 22:56 | Build | Siege Workshop |
| 22:57 | Build | Siege Workshop |
| 23:04 | Build | Farm |
| 23:09 | Create | Villager (Male) |
| 23:10 | Create | Villager (Male) |
| 23:26 | Build | Farm |
| 23:29 | Create | Villager (Male) |
| 23:31 | Create | Villager (Male) |
| 23:39 | Create | Villager (Male) |
| 23:43 | Create | Villager (Male) |
| 23:49 | Build | Farm |
| 24:05 | Create | Villager (Male) |
| 24:05 | Create | Villager (Male) |
| 24:19 | Create | Villager (Male) |
| 24:23 | Build | Farm |
| 24:31 | Create | Villager (Male) |
| 24:31 | Create | Villager (Male) |
| 24:50 | Build | House |
| 24:51 | Build | House |
| 24:52 | Build | House |
| 24:54 | Build | House |
| 24:59 | Build | House |
| 25:15 | Research | Man-at-Arms (upgrade) |
| 25:15 | Research | Squires |
| 25:30 | Research | Scale Barding Armor |
| 25:38 | Create | Villager (Male) |
| 25:43 | Create | Villager (Male) |
| 25:43 | Create | Villager (Male) |
| 25:45 | Create | Villager (Male) |
| 25:46 | Create | Villager (Male) |
| 25:46 | Create | Villager (Male) |
| 25:46 | Create | Villager (Male) |
| 25:56 | Build | Farm |
| 26:11 | Research | Long Swordsman (upgrade) |
| 26:12 | Research | Long Swordsman (upgrade) |
| 26:18 | Create | Villager (Male) |
| 26:22 | Build | Farm |
| 26:39 | Create | Villager (Male) |
| 26:53 | Create | Villager (Male) |
| 26:53 | Create | Villager (Male) |
| 26:54 | Create | Villager (Male) |
| 26:57 | Build | Farm |
| 26:59 | Build | Farm |
| 27:00 | Build | Farm |
| 27:01 | Build | Farm |
| 27:02 | Build | Farm |
| 27:07 | Build | Farm |
| 27:08 | Build | Farm |
| 27:10 | Build | Farm |
| 27:16 | Create | Villager (Male) |
| 27:24 | Create | Villager (Male) |
| 27:25 | Create | Villager (Male) |
| 27:27 | Create | Villager (Male) |
| 27:34 | Create | Villager (Male) |
| 27:35 | Create | Villager (Male) |
| 27:35 | Create | Villager (Male) |
| 27:40 | Build | University |
| 27:54 | Create | Villager (Male) |
| 28:10 | Build | Castle |
| 28:46 | Research | Imperial Age |
| 28:52 | Build | House |
| 28:53 | Build | House |
| 28:55 | Build | House |
| 28:56 | Build | House |
| 28:58 | Build | House |
| 28:59 | Build | House |
| 29:13 | Build | Mining Camp |
| 29:23 | Build | Farm |
| 29:28 | Research | Hand Cart |
Build order — kirlito
First 150 of 303 actions detected
| 0:04 | Create | Villager (Male) |
| 0:04 | Create | Villager (Male) |
| 0:05 | Create | Villager (Male) |
| 0:05 | Create | Villager (Male) |
| 0:05 | Create | Villager (Male) |
| 1:18 | Create | Villager (Male) |
| 2:06 | Create | Villager (Male) |
| 2:06 | Create | Villager (Male) |
| 2:06 | Create | Villager (Male) |
| 2:55 | Create | Villager (Male) ×2 |
| 3:04 | Build | Mill |
| 3:11 | Create | Villager (Male) |
| 3:59 | Create | Villager (Male) |
| 4:00 | Create | Villager (Male) |
| 4:00 | Create | Villager (Male) |
| 4:56 | Create | Villager (Male) ×5 |
| 6:10 | Create | Villager (Male) ×4 |
| 6:11 | Create | Villager (Male) ×4 |
| 7:28 | Create | Villager (Male) ×5 |
| 8:06 | Create | Villager (Male) ×5 |
| 8:07 | Create | Villager (Male) ×3 |
| 8:07 | Create | Villager (Male) ×3 |
| 8:41 | Build | Lumber Camp |
| 8:44 | Build | Lumber Camp |
| 9:28 | Build | Lumber Camp |
| 9:56 | Research | Feudal Age |
| 12:14 | Age | Feudal Age |
| 12:18 | Research | Wheelbarrow |
| 12:19 | Research | Double-Bit Axe |
| 12:20 | Research | Horse Collar |
| 12:26 | Build | Market |
| 12:28 | Build | Blacksmith |
| 12:33 | Build | Barracks |
| 12:34 | Build | Farm |
| 12:35 | Build | Farm |
| 12:36 | Build | Farm |
| 12:36 | Build | Farm |
| 12:36 | Build | Farm |
| 12:37 | Build | Farm |
| 12:37 | Build | Farm |
| 12:37 | Build | Farm |
| 12:37 | Build | Farm |
| 12:49 | Build | Farm |
| 12:50 | Build | Farm |
| 12:51 | Build | Farm |
| 12:51 | Build | Farm |
| 12:52 | Build | Farm |
| 13:04 | Build | Farm |
| 13:06 | Build | Farm |
| 13:07 | Build | Farm |
| 13:07 | Build | Farm |
| 13:08 | Build | Farm |
| 13:08 | Build | Farm |
| 13:08 | Build | Farm |
| 13:08 | Build | Farm |
| 13:09 | Build | Farm |
| 13:09 | Build | Farm |
| 13:09 | Build | Farm |
| 13:10 | Build | Farm |
| 13:10 | Build | Farm |
| 13:10 | Build | Farm |
| 13:11 | Build | Farm |
| 13:11 | Build | Farm |
| 13:11 | Build | Farm |
| 13:36 | Create | Villager (Male) ×5 |
| 13:36 | Create | Villager (Male) ×5 |
| 13:37 | Create | Villager (Male) ×5 |
| 13:43 | Build | Farm |
| 13:44 | Build | Farm |
| 13:46 | Build | Farm |
| 13:47 | Build | Farm |
| 13:56 | Build | Farm |
| 13:57 | Build | Farm |
| 13:59 | Build | Farm |
| 14:01 | Build | Farm |
| 14:03 | Build | Farm |
| 14:03 | Build | Farm |
| 14:04 | Build | Farm |
| 14:07 | Build | Farm |
| 14:09 | Build | Farm |
| 14:10 | Build | Farm |
| 14:12 | Build | Farm |
| 14:12 | Build | Farm |
| 14:13 | Build | Farm |
| 14:14 | Build | Farm |
| 14:20 | Create | Villager (Male) |
| 14:22 | Create | Villager (Male) |
| 15:21 | Build | Mining Camp |
| 15:51 | Create | Villager (Male) |
| 15:51 | Create | Villager (Male) |
| 16:41 | Research | Castle Age |
| 17:59 | Research | Stone Mining |
| 19:36 | Age | Castle Age |
| 19:37 | Research | Bow Saw |
| 19:38 | Research | Heavy Plow |
| 19:39 | Research | Hand Cart |
| 19:43 | Research | Gold Mining |
| 19:50 | Build | Town Center |
| 19:57 | Create | Villager (Male) ×5 |
| 19:57 | Create | Villager (Male) ×5 |
| 19:57 | Create | Villager (Male) |
| 20:04 | Build | Town Center |
| 20:27 | Research | Gold Shaft Mining |
| 20:35 | Build | Mining Camp |
| 20:55 | Build | Stable |
| 20:56 | Build | Stable |
| 20:58 | Build | Stable |
| 21:10 | Create | Villager (Male) ×3 |
| 21:46 | Create | Villager (Male) ×5 |
| 21:51 | Build | Farm |
| 21:53 | Build | Farm |
| 21:55 | Build | Farm |
| 21:59 | Build | Farm |
| 21:59 | Build | Farm |
| 22:01 | Build | Farm |
| 22:02 | Build | Farm |
| 22:12 | Create | Villager (Male) ×5 |
| 22:24 | Build | Castle |
| 22:32 | Build | Mining Camp |
| 22:38 | Create | Villager (Male) ×2 |
| 23:08 | Build | Stable |
| 23:16 | Build | Stable |
| 23:26 | Create | Villager (Male) ×5 |
| 23:26 | Create | Villager (Male) |
| 23:26 | Create | Villager (Male) |
| 23:26 | Create | Villager (Male) |
| 24:05 | Research | Marauders |
| 24:12 | Research | Scale Barding Armor |
| 24:12 | Research | Forging |
| 24:17 | Create | Villager (Male) ×3 |
| 24:27 | Build | Farm |
| 24:35 | Build | Lumber Camp |
| 25:03 | Create | Villager (Male) ×5 |
| 25:22 | Build | Farm |
| 25:37 | Create | Villager (Male) |
| 25:37 | Create | Villager (Male) |
| 25:37 | Create | Villager (Male) |
| 25:39 | Create | Villager (Male) |
| 25:40 | Create | Villager (Male) |
| 25:41 | Create | Villager (Male) |
| 26:00 | Research | Chain Barding Armor |
| 26:00 | Research | Iron Casting |
| 26:13 | Research | Iron Casting |
| 26:19 | Build | Farm |
| 26:21 | Build | Farm |
| 26:22 | Build | Farm |
| 26:23 | Build | Farm |
| 26:46 | Research | Bloodlines |
| 26:48 | Research | Husbandry |
| 27:02 | Create | Tarkan ×2 |
Build order — CCM | Muflon de Elite
First 150 of 730 actions detected
| 0:02 | Create | Villager (Male) |
| 0:02 | Create | Villager (Male) |
| 0:02 | Create | Villager (Male) |
| 0:03 | Create | Villager (Male) |
| 0:04 | Build | House |
| 0:05 | Build | House |
| 1:19 | Create | Villager (Male) |
| 1:41 | Create | Villager (Male) |
| 1:42 | Create | Villager (Male) |
| 1:42 | Create | Villager (Male) |
| 1:47 | Build | Lumber Camp |
| 2:24 | Create | Villager (Male) |
| 2:24 | Create | Villager (Male) |
| 2:49 | Create | Villager (Male) |
| 2:50 | Create | Villager (Male) |
| 3:18 | Create | Villager (Male) |
| 3:35 | Build | House |
| 3:45 | Create | Villager (Male) |
| 4:03 | Create | Villager (Male) |
| 4:07 | Build | House |
| 4:26 | Create | Villager (Male) |
| 4:32 | Build | Mill |
| 5:01 | Create | Villager (Male) |
| 5:22 | Create | Villager (Male) |
| 5:54 | Create | Villager (Male) |
| 6:33 | Create | Villager (Male) |
| 6:52 | Create | Villager (Male) |
| 7:05 | Build | House |
| 7:18 | Create | Villager (Male) |
| 7:46 | Create | Villager (Male) |
| 7:50 | Build | Mining Camp |
| 8:02 | Create | Villager (Male) |
| 8:43 | Research | Feudal Age |
| 9:29 | Build | Barracks |
| 9:33 | Build | Barracks |
| 10:16 | Research | Loom |
| 10:53 | Age | Feudal Age |
| 10:55 | Build | Market |
| 10:57 | Build | Blacksmith |
| 11:18 | Create | Villager (Male) |
| 11:47 | Build | House |
| 12:01 | Research | Castle Age |
| 12:01 | Research | Castle Age |
| 12:28 | Research | Double-Bit Axe |
| 12:31 | Build | House |
| 12:43 | Build | Farm |
| 12:47 | Build | Farm |
| 13:03 | Build | Farm |
| 13:15 | Build | Farm |
| 13:31 | Build | Farm |
| 13:53 | Build | Farm |
| 14:09 | Create | Spearman |
| 14:15 | Build | House |
| 14:38 | Create | Villager (Male) |
| 14:41 | Age | Castle Age |
| 14:49 | Create | Villager (Male) |
| 14:52 | Build | Monastery |
| 14:59 | Create | Eagle Scout |
| 15:15 | Build | Farm |
| 15:20 | Build | Farm |
| 15:22 | Create | Villager (Male) |
| 15:27 | Create | Eagle Scout |
| 15:36 | Create | Monk |
| 15:38 | Build | Monastery |
| 15:42 | Research | Horse Collar |
| 15:48 | Create | Villager (Male) |
| 16:09 | Create | Villager (Male) |
| 16:12 | Research | Fervor |
| 16:19 | Create | Eagle Scout |
| 16:20 | Create | Villager (Male) |
| 16:26 | Build | House |
| 17:04 | Create | Monk |
| 17:13 | Create | Villager (Male) |
| 17:15 | Research | Wheelbarrow |
| 17:18 | Build | House |
| 17:28 | Create | Villager (Male) |
| 17:50 | Create | Villager (Male) |
| 17:55 | Build | House |
| 18:08 | Create | Villager (Male) |
| 18:08 | Create | Villager (Male) |
| 18:23 | Create | Villager (Male) |
| 18:25 | Build | Farm |
| 18:28 | Build | Farm |
| 18:32 | Build | Farm |
| 18:50 | Create | Monk |
| 18:59 | Create | Villager (Male) |
| 19:01 | Build | House |
| 19:08 | Build | Mining Camp |
| 19:27 | Research | Eagle Warrior (upgrade) |
| 19:35 | Build | Farm |
| 19:39 | Build | Farm |
| 19:39 | Build | Farm |
| 19:39 | Build | Farm |
| 19:40 | Build | Farm |
| 19:41 | Create | Villager (Male) |
| 19:54 | Create | Villager (Male) |
| 20:00 | Build | Lumber Camp |
| 20:05 | Build | Farm |
| 20:05 | Build | Farm |
| 20:05 | Build | Farm |
| 20:08 | Create | Villager (Male) |
| 20:38 | Research | Sanctity |
| 20:51 | Create | Villager (Male) |
| 21:33 | Create | Monk |
| 21:33 | Create | Monk |
| 21:44 | Create | Villager (Male) |
| 21:46 | Research | Hand Cart |
| 21:56 | Create | Villager (Male) |
| 22:40 | Create | Monk |
| 22:40 | Create | Monk |
| 22:42 | Create | Villager (Male) |
| 22:46 | Build | Town Center |
| 23:12 | Create | Eagle Scout |
| 23:14 | Research | Squires |
| 23:17 | Research | Scale Mail Armor |
| 23:20 | Create | Villager (Male) |
| 23:22 | Build | Farm |
| 23:22 | Build | Farm |
| 23:26 | Research | Heavy Plow |
| 23:27 | Build | Farm |
| 23:28 | Build | Farm |
| 23:29 | Build | Farm |
| 23:30 | Create | Villager (Male) |
| 23:57 | Create | Villager (Male) |
| 24:00 | Build | Farm |
| 24:02 | Build | Farm |
| 24:02 | Build | Farm |
| 24:03 | Build | Farm |
| 24:21 | Create | Eagle Scout |
| 24:21 | Create | Eagle Scout |
| 24:27 | Create | Villager (Male) |
| 24:28 | Create | Villager (Male) |
| 24:29 | Create | Villager (Male) |
| 24:30 | Build | Farm |
| 24:35 | Build | House |
| 24:36 | Build | House |
| 24:37 | Build | House |
| 24:40 | Create | Eagle Scout |
| 24:40 | Create | Eagle Scout |
| 24:50 | Create | Monk |
| 24:50 | Create | Monk |
| 24:51 | Create | Villager (Male) |
| 24:54 | Create | Villager (Male) |
| 24:55 | Research | Gold Mining |
| 24:57 | Create | Villager (Male) |
| 25:18 | Build | Mining Camp |
| 25:19 | Create | Villager (Male) |
| 25:33 | Create | Eagle Scout |
| 25:33 | Create | Eagle Scout |
| 25:38 | Create | Villager (Male) |
Build order — Wiggly ChiChisX
First 150 of 305 actions detected
| 0:08 | Build | House |
| 0:09 | Build | House |
| 0:15 | Build | House |
| 0:16 | Build | House |
| 0:18 | Create | Villager (Male) |
| 0:18 | Research | Loom |
| 0:19 | Create | Villager (Male) |
| 0:19 | Create | Villager (Male) |
| 0:19 | Create | Villager (Male) |
| 0:19 | Create | Villager (Male) |
| 2:21 | Create | Villager (Male) |
| 2:21 | Create | Villager (Male) |
| 3:05 | Create | Villager (Male) |
| 3:05 | Create | Villager (Male) |
| 3:55 | Create | Villager (Male) |
| 3:55 | Create | Villager (Male) |
| 3:57 | Create | Villager (Male) |
| 3:58 | Create | Villager (Male) |
| 4:47 | Create | Villager (Male) |
| 4:47 | Create | Villager (Male) |
| 4:47 | Create | Villager (Male) |
| 4:47 | Create | Villager (Male) |
| 5:37 | Create | Villager (Male) |
| 5:37 | Create | Villager (Male) |
| 5:37 | Create | Villager (Male) |
| 6:17 | Create | Villager (Male) |
| 6:36 | Create | Villager (Male) |
| 6:36 | Create | Villager (Male) |
| 6:36 | Create | Villager (Male) |
| 6:38 | Create | Villager (Male) |
| 6:58 | Build | Lumber Camp |
| 7:44 | Create | Villager (Male) |
| 7:44 | Create | Villager (Male) |
| 7:49 | Create | Villager (Male) |
| 9:42 | Build | Mill |
| 10:36 | Research | Feudal Age |
| 10:45 | Build | Mining Camp |
| 12:51 | Build | Market |
| 12:59 | Build | Blacksmith |
| 13:04 | Build | House |
| 14:02 | Research | Castle Age |
| 15:49 | Research | Horse Collar |
| 16:55 | Build | Farm |
| 16:58 | Build | Farm |
| 17:01 | Build | Farm |
| 17:03 | Build | Farm |
| 17:06 | Build | Farm |
| 17:09 | Build | Farm |
| 17:11 | Create | Villager (Male) |
| 17:11 | Create | Villager (Male) |
| 17:12 | Create | Villager (Male) |
| 18:21 | Build | Castle |
| 18:34 | Create | Villager (Male) |
| 18:35 | Create | Villager (Male) |
| 18:55 | Create | Villager (Male) |
| 18:55 | Create | Villager (Male) |
| 19:01 | Build | Farm |
| 19:05 | Build | Farm |
| 19:08 | Build | Farm |
| 19:13 | Build | Farm |
| 19:16 | Build | Farm |
| 19:21 | Build | Farm |
| 19:31 | Create | Conquistador |
| 19:32 | Create | Conquistador |
| 19:55 | Create | Villager (Male) |
| 20:18 | Create | Conquistador |
| 20:36 | Create | Conquistador |
| 21:45 | Create | Conquistador |
| 21:46 | Create | Conquistador |
| 21:46 | Create | Conquistador |
| 21:46 | Create | Conquistador |
| 21:58 | Build | Barracks |
| 22:03 | Create | Villager (Male) |
| 22:03 | Create | Villager (Male) |
| 22:15 | Build | Town Center |
| 22:22 | Create | Villager (Male) |
| 22:22 | Create | Villager (Male) |
| 22:39 | Create | Conquistador |
| 22:50 | Create | Villager (Male) |
| 23:08 | Build | Stable |
| 23:20 | Create | Conquistador |
| 23:40 | Research | Gold Mining |
| 24:02 | Research | Double-Bit Axe |
| 24:31 | Create | Villager (Male) |
| 24:35 | Build | Farm |
| 24:39 | Build | Farm |
| 24:42 | Build | Farm |
| 25:11 | Create | Conquistador |
| 25:13 | Create | Conquistador |
| 25:16 | Create | Villager (Male) |
| 25:22 | Create | Villager (Male) |
| 25:28 | Build | Farm |
| 25:30 | Build | Farm |
| 26:12 | Research | Forging |
| 26:31 | Build | Town Center |
| 26:38 | Create | Villager (Male) |
| 26:39 | Create | Villager (Male) |
| 26:40 | Create | Villager (Male) |
| 26:41 | Create | Villager (Male) |
| 26:48 | Create | Conquistador |
| 27:25 | Create | Villager (Male) |
| 27:26 | Create | Villager (Male) |
| 27:27 | Create | Villager (Male) |
| 27:27 | Create | Villager (Male) |
| 27:40 | Build | House |
| 27:41 | Build | House |
| 27:42 | Build | House |
| 27:44 | Build | House |
| 27:45 | Build | House |
| 27:46 | Build | House |
| 27:47 | Build | House |
| 27:48 | Build | House |
| 27:50 | Build | House |
| 27:54 | Create | Villager (Male) |
| 27:54 | Create | Villager (Male) |
| 27:55 | Create | Villager (Male) |
| 28:01 | Create | Villager (Male) |
| 28:08 | Build | Farm |
| 28:12 | Build | Farm |
| 28:15 | Build | Farm |
| 28:20 | Build | Farm |
| 28:28 | Build | Farm |
| 28:33 | Create | Villager (Male) |
| 28:33 | Create | Villager (Male) |
| 28:35 | Create | Villager (Male) |
| 28:42 | Create | Villager (Male) |
| 29:07 | Research | Bloodlines |
| 29:18 | Create | Conquistador |
| 29:25 | Create | Villager (Male) |
| 29:27 | Create | Villager (Male) |
| 29:33 | Create | Villager (Male) |
| 29:39 | Build | Farm |
| 29:42 | Build | Farm |
| 30:01 | Build | University |
| 31:06 | Build | Castle |
| 31:09 | Create | Villager (Male) |
| 31:11 | Create | Villager (Male) |
| 31:12 | Create | Villager (Male) |
| 31:40 | Create | Villager (Male) |
| 31:41 | Create | Villager (Male) |
| 31:43 | Create | Villager (Male) |
| 31:43 | Create | Villager (Male) |
| 31:44 | Create | Villager (Male) |
| 31:45 | Create | Villager (Male) |
| 32:05 | Research | Ballistics |
| 32:26 | Research | Husbandry |
| 32:36 | Create | Villager (Male) |
| 32:37 | Create | Villager (Male) |
| 32:37 | Create | Villager (Male) |
| 32:42 | Build | Farm |
Build order — Rangga
First 150 of 584 actions detected
| 0:13 | Build | House |
| 0:21 | Create | Villager (Male) |
| 0:21 | Create | Villager (Male) |
| 0:21 | Create | Villager (Male) |
| 0:22 | Create | Villager (Male) |
| 0:22 | Create | Villager (Male) |
| 0:22 | Create | Villager (Male) |
| 0:22 | Create | Villager (Male) |
| 1:32 | Create | Villager (Male) |
| 1:32 | Create | Villager (Male) |
| 1:32 | Create | Villager (Male) |
| 2:03 | Create | Villager (Male) |
| 2:04 | Create | Villager (Male) |
| 2:04 | Create | Villager (Male) |
| 2:12 | Build | House |
| 3:43 | Build | House |
| 4:10 | Create | Villager (Male) |
| 4:10 | Create | Villager (Male) |
| 4:10 | Create | Villager (Male) |
| 4:11 | Create | Villager (Male) |
| 4:11 | Create | Villager (Male) |
| 4:11 | Create | Villager (Male) |
| 4:11 | Create | Villager (Male) |
| 4:11 | Create | Villager (Male) |
| 4:21 | Build | House |
| 5:36 | Build | Mill |
| 5:47 | Build | Mill |
| 6:13 | Build | Lumber Camp |
| 6:26 | Create | Villager (Male) |
| 6:26 | Create | Villager (Male) |
| 6:27 | Create | Villager (Male) |
| 6:27 | Create | Villager (Male) |
| 6:27 | Create | Villager (Male) |
| 6:27 | Create | Villager (Male) |
| 6:28 | Create | Villager (Male) |
| 6:28 | Create | Villager (Male) |
| 6:28 | Create | Villager (Male) |
| 9:57 | Research | Feudal Age |
| 11:27 | Build | Barracks |
| 11:37 | Build | Barracks |
| 12:07 | Age | Feudal Age |
| 12:09 | Research | Wheelbarrow |
| 12:11 | Create | Villager (Male) |
| 12:11 | Create | Villager (Male) |
| 12:11 | Create | Villager (Male) |
| 12:12 | Create | Villager (Male) |
| 12:12 | Create | Villager (Male) |
| 12:15 | Create | Villager (Male) |
| 12:31 | Build | Market |
| 12:36 | Build | Blacksmith |
| 12:41 | Build | House |
| 12:42 | Build | House |
| 13:19 | Build | Barracks |
| 13:56 | Build | Farm |
| 14:14 | Build | Farm |
| 14:17 | Build | Farm |
| 14:21 | Build | Farm |
| 14:28 | Research | Horse Collar |
| 14:33 | Build | House |
| 14:35 | Build | House |
| 14:36 | Build | House |
| 14:53 | Create | Trade Cart |
| 14:53 | Create | Trade Cart |
| 14:54 | Create | Trade Cart |
| 14:54 | Create | Trade Cart |
| 14:54 | Create | Trade Cart |
| 15:22 | Create | Villager (Male) |
| 15:22 | Create | Villager (Male) |
| 15:23 | Create | Villager (Male) |
| 15:23 | Create | Villager (Male) |
| 15:23 | Create | Villager (Male) |
| 15:23 | Create | Villager (Male) |
| 15:24 | Create | Villager (Male) |
| 15:24 | Create | Villager (Male) |
| 15:24 | Create | Villager (Male) |
| 15:24 | Create | Villager (Male) |
| 16:04 | Build | Mining Camp |
| 17:08 | Build | Farm |
| 17:18 | Create | Villager (Male) |
| 17:18 | Create | Villager (Male) |
| 17:18 | Create | Villager (Male) |
| 17:18 | Create | Villager (Male) |
| 17:18 | Create | Villager (Male) |
| 17:46 | Research | Double-Bit Axe |
| 17:50 | Research | Gold Mining |
| 18:32 | Build | Farm |
| 18:32 | Build | Farm |
| 18:32 | Build | Farm |
| 18:33 | Build | Farm |
| 18:33 | Build | Farm |
| 18:33 | Build | Farm |
| 18:33 | Build | Farm |
| 18:34 | Build | Farm |
| 18:34 | Build | Farm |
| 18:35 | Build | Farm |
| 18:35 | Build | Farm |
| 18:36 | Build | Farm |
| 18:58 | Create | Villager (Male) |
| 18:58 | Create | Villager (Male) |
| 18:59 | Create | Villager (Male) |
| 19:00 | Create | Villager (Male) |
| 19:38 | Build | Mining Camp |
| 20:13 | Research | Stone Mining |
| 20:38 | Create | Trade Cart |
| 20:38 | Create | Trade Cart |
| 20:38 | Create | Trade Cart |
| 20:38 | Create | Trade Cart |
| 20:39 | Create | Trade Cart |
| 20:39 | Create | Trade Cart |
| 20:39 | Create | Trade Cart |
| 20:39 | Create | Trade Cart |
| 20:39 | Create | Trade Cart |
| 21:32 | Create | Trade Cart |
| 21:34 | Create | Trade Cart |
| 22:12 | Create | Trade Cart |
| 22:14 | Create | Trade Cart |
| 22:34 | Research | Castle Age |
| 22:52 | Create | Villager (Male) |
| 22:52 | Create | Villager (Male) |
| 22:52 | Create | Villager (Male) |
| 22:53 | Create | Villager (Male) |
| 22:53 | Create | Villager (Male) |
| 24:13 | Build | House |
| 24:17 | Build | House |
| 24:40 | Create | Spearman |
| 24:41 | Create | Spearman |
| 24:41 | Create | Spearman |
| 24:41 | Create | Spearman |
| 24:41 | Create | Spearman |
| 24:42 | Create | Spearman |
| 24:42 | Create | Spearman |
| 24:42 | Create | Spearman |
| 24:42 | Create | Spearman |
| 24:42 | Create | Spearman |
| 24:43 | Create | Spearman |
| 24:43 | Create | Spearman |
| 24:43 | Create | Spearman |
| 24:43 | Create | Spearman |
| 24:44 | Create | Spearman |
| 24:44 | Create | Spearman |
| 25:05 | Research | Scale Mail Armor |
| 25:06 | Research | Scale Mail Armor |
| 25:14 | Age | Castle Age |
| 25:36 | Create | Spearman |
| 25:36 | Create | Spearman |
| 25:36 | Create | Spearman |
| 25:37 | Create | Spearman |
| 25:37 | Create | Spearman |
| 25:37 | Create | Spearman |
| 25:37 | Create | Spearman |
Build order — CCMNGEDUAR
First 150 of 300 actions detected
| 0:03 | Create | Villager (Male) |
| 0:03 | Create | Villager (Male) |
| 0:03 | Create | Villager (Male) |
| 0:04 | Create | Villager (Male) |
| 0:04 | Create | Villager (Male) |
| 0:04 | Create | Villager (Male) |
| 0:07 | Build | House |
| 0:09 | Build | House |
| 1:43 | Create | Villager (Male) |
| 1:43 | Create | Villager (Male) |
| 1:43 | Create | Villager (Male) |
| 1:51 | Build | Lumber Camp |
| 2:14 | Create | Villager (Male) |
| 2:14 | Create | Villager (Male) |
| 2:14 | Create | Villager (Male) |
| 2:26 | Research | Loom |
| 2:30 | Create | Villager (Male) |
| 2:30 | Create | Villager (Male) |
| 2:30 | Create | Villager (Male) |
| 2:30 | Create | Villager (Male) |
| 2:59 | Create | Villager (Male) |
| 2:59 | Create | Villager (Male) |
| 2:59 | Create | Villager (Male) |
| 3:22 | Create | Villager (Male) |
| 3:22 | Create | Villager (Male) |
| 3:22 | Create | Villager (Male) |
| 4:03 | Build | House |
| 4:09 | Build | Mill |
| 4:12 | Research | Loom |
| 4:33 | Create | Villager (Male) |
| 4:33 | Create | Villager (Male) |
| 4:33 | Create | Villager (Male) |
| 4:53 | Create | Villager (Male) |
| 4:54 | Create | Villager (Male) |
| 4:54 | Create | Villager (Male) |
| 4:55 | Create | Villager (Male) |
| 4:57 | Create | Villager (Male) |
| 5:27 | Create | Villager (Male) |
| 5:28 | Create | Villager (Male) |
| 6:18 | Create | Villager (Male) |
| 6:48 | Build | House |
| 6:49 | Build | House |
| 7:12 | Create | Villager (Male) |
| 7:12 | Create | Villager (Male) |
| 8:01 | Build | Mill |
| 8:13 | Create | Villager (Male) |
| 8:29 | Build | Palisade Gate |
| 8:49 | Research | Feudal Age |
| 9:26 | Build | House |
| 9:27 | Build | House |
| 9:47 | Build | Lumber Camp |
| 10:42 | Build | House |
| 10:44 | Build | House |
| 10:47 | Build | House |
| 10:54 | Create | Villager (Male) |
| 10:54 | Create | Villager (Male) |
| 10:54 | Create | Villager (Male) |
| 10:57 | Create | Villager (Male) |
| 11:33 | Build | Mining Camp |
| 11:37 | Research | Double-Bit Axe |
| 12:12 | Build | Blacksmith |
| 12:24 | Create | Villager (Male) |
| 12:24 | Create | Villager (Male) |
| 12:25 | Create | Villager (Male) |
| 13:15 | Build | Barracks |
| 13:25 | Create | Villager (Male) |
| 13:32 | Research | Horse Collar |
| 13:51 | Build | Farm |
| 13:57 | Build | Farm |
| 14:04 | Build | Farm |
| 14:08 | Create | Villager (Male) |
| 14:42 | Build | Market |
| 14:53 | Build | Farm |
| 15:02 | Build | Mill |
| 15:12 | Build | Mining Camp |
| 15:25 | Create | Villager (Male) |
| 15:26 | Create | Villager (Male) |
| 15:33 | Build | Farm |
| 15:34 | Build | Farm |
| 15:35 | Build | Farm |
| 15:35 | Build | Farm |
| 15:36 | Build | Farm |
| 15:53 | Build | Farm |
| 16:00 | Create | Villager (Male) |
| 16:09 | Build | House |
| 16:11 | Build | House |
| 16:13 | Build | House |
| 16:16 | Build | House |
| 16:29 | Build | Farm |
| 16:40 | Create | Villager (Male) |
| 16:54 | Build | Farm |
| 17:01 | Create | Villager (Male) |
| 17:14 | Build | Farm |
| 17:20 | Create | Villager (Male) |
| 17:44 | Build | Farm |
| 17:50 | Build | Farm |
| 18:03 | Build | Farm |
| 18:07 | Research | Castle Age |
| 18:20 | Build | Outpost |
| 18:35 | Build | Farm |
| 18:59 | Build | Lumber Camp |
| 19:44 | Build | Outpost |
| 20:20 | Build | Archery Range |
| 20:45 | Create | Villager (Male) |
| 20:46 | Create | Villager (Male) |
| 20:46 | Create | Villager (Male) |
| 20:46 | Create | Villager (Male) |
| 21:17 | Build | Castle |
| 21:24 | Create | Skirmisher |
| 21:24 | Create | Skirmisher |
| 21:25 | Create | Skirmisher |
| 21:25 | Create | Skirmisher |
| 21:40 | Research | Padded Archer Armor |
| 21:40 | Research | Fletching |
| 22:09 | Create | Villager (Male) |
| 22:13 | Create | Villager (Male) |
| 22:13 | Create | Villager (Male) |
| 22:32 | Build | Siege Workshop |
| 23:11 | Build | Archery Range |
| 23:15 | Research | Elite Skirmisher (upgrade) |
| 23:21 | Create | Villager (Male) |
| 23:21 | Create | Villager (Male) |
| 23:36 | Create | Mangonel |
| 23:47 | Build | Mining Camp |
| 23:52 | Create | Hussite Wagon |
| 23:52 | Create | Hussite Wagon |
| 23:52 | Create | Hussite Wagon |
| 24:05 | Create | Villager (Male) |
| 24:05 | Create | Villager (Male) |
| 24:14 | Research | Bow Saw |
| 24:23 | Create | Skirmisher |
| 24:23 | Create | Skirmisher |
| 24:24 | Create | Skirmisher |
| 24:24 | Create | Skirmisher |
| 24:24 | Create | Skirmisher |
| 24:59 | Create | Villager (Male) |
| 25:00 | Create | Villager (Male) |
| 25:00 | Create | Villager (Male) |
| 25:34 | Build | Town Center |
| 25:38 | Create | Villager (Male) |
| 25:38 | Create | Villager (Male) |
| 25:50 | Create | Mangonel |
| 26:07 | Research | Imperial Age |
| 26:57 | Research | Leather Archer Armor |
| 26:57 | Research | Bodkin Arrow |
| 26:58 | Research | Bodkin Arrow |
| 27:10 | Create | Hussite Wagon |
| 27:11 | Create | Hussite Wagon |
| 27:37 | Create | Villager (Male) |
| 27:37 | Create | Villager (Male) |
Match timeline
| 9:29 | CCM | Muflon de Elite · first_building Barracks |
| 9:48 | EvilxAnthony · age_up feudal |
| 10:53 | CCM | Muflon de Elite · age_up feudal |
| 11:27 | Rangga · first_building Barracks |
| 11:49 | Dani120588 · age_up feudal |
| 11:55 | CCM | Muflon de Elite · first_market_sell 100 stone |
| 11:57 | CCM | Muflon de Elite · first_market_buy 100 food |
| 12:07 | Rangga · age_up feudal |
| 12:14 | kirlito · age_up feudal |
| 12:22 | [CCMNG]JhonSlowCo · age_up feudal |
| 12:33 | kirlito · first_building Barracks |
| 13:15 | CCMNGEDUAR · first_building Barracks |
| 14:41 | CCM | Muflon de Elite · age_up castle |
| 14:52 | CCM | Muflon de Elite · first_building Monastery |
| 15:38 | kirlito · first_market_sell 100 wood |
| 16:35 | [CCMNG]JhonSlowCo · age_up castle |
| 17:24 | Dani120588 · first_market_buy 100 food |
| 17:38 | [CCMNG]JhonSlowCo · first_building Barracks |
| 17:49 | Dani120588 · first_building Barracks |
| 18:21 | Wiggly ChiChisX · first_building Castle |
| 18:27 | Wiggly ChiChisX · first_market_sell 100 wood |
| 19:36 | kirlito · age_up castle |
| 19:40 | Dani120588 · age_up castle |
| 20:08 | EvilxAnthony · age_up castle |
| 20:20 | CCMNGEDUAR · first_building Archery Range |
| 20:31 | [CCMNG]JhonSlowCo · first_building Stable |
| 20:55 | kirlito · first_building Stable |
| 21:17 | CCMNGEDUAR · first_building Castle |
| 21:58 | Wiggly ChiChisX · first_building Barracks |
| 22:24 | kirlito · first_building Castle |
| 22:32 | CCMNGEDUAR · first_building Siege Workshop |
| 22:53 | Dani120588 · first_building Castle |
| 22:56 | Dani120588 · first_building Siege Workshop |
| 23:08 | Wiggly ChiChisX · first_building Stable |
| 25:14 | Rangga · age_up castle |
| 26:03 | [CCMNG]JhonSlowCo · first_building Monastery |
| 26:43 | Rangga · first_building Castle |
| 26:57 | CCM | Muflon de Elite · first_building Archery Range |
| 27:28 | EvilxAnthony · first_building Castle |
| 27:57 | EvilxAnthony · first_building Barracks |
| 28:07 | Rangga · first_building Siege Workshop |
| 28:58 | CCM | Muflon de Elite · first_building Castle |
| 31:22 | CCM | Muflon de Elite · age_up imperial |
| 31:56 | [CCMNG]JhonSlowCo · age_up imperial |
| 31:57 | Dani120588 · age_up imperial |
| 32:00 | [CCMNG]JhonSlowCo · first_building Castle |
| 32:07 | EvilxAnthony · first_building Archery Range |
| 32:22 | EvilxAnthony · first_building Siege Workshop |
| 32:32 | Dani120588 · first_market_sell 500 food |
| 33:25 | [CCMNG]JhonSlowCo · first_building Archery Range |
| 33:49 | EvilxAnthony · first_market_sell 100 wood |
| 33:56 | kirlito · age_up imperial |
| 34:41 | EvilxAnthony · first_market_buy 100 stone |
| 35:00 | [CCMNG]JhonSlowCo · first_market_sell 500 food |
| 35:21 | Rangga · age_up imperial |
| 36:20 | Wiggly ChiChisX · wall_segment Stone Wall x6 |
| 36:41 | EvilxAnthony · age_up imperial |
| 42:00 | Wiggly ChiChisX · first_market_buy 100 stone |
| 43:10 | CCM | Muflon de Elite · wall_segment Stone Wall x1 |
| 43:12 | CCM | Muflon de Elite · wall_segment Stone Wall x1 |
| 43:14 | CCM | Muflon de Elite · wall_segment Stone Wall x1 |
| 46:21 | [CCMNG]JhonSlowCo · wall_segment Stone Wall x10 |
| 46:23 | [CCMNG]JhonSlowCo · wall_segment Stone Wall x8 |
| 46:26 | [CCMNG]JhonSlowCo · wall_segment Stone Wall x14 |
| 47:53 | Rangga · first_market_buy 100 wood |
| 48:03 | [CCMNG]JhonSlowCo · wall_segment Stone Wall x13 |
| 48:05 | [CCMNG]JhonSlowCo · wall_segment Stone Wall x10 |
| 49:56 | CCMNGEDUAR · first_market_sell 100 food |
| 50:14 | Wiggly ChiChisX · first_building Siege Workshop |
| 50:28 | CCM | Muflon de Elite · first_building Siege Workshop |
| 51:12 | CCMNGEDUAR · first_market_buy 100 wood |
| 52:22 | [CCMNG]JhonSlowCo · wall_segment Stone Wall x24 |
| 53:04 | EvilxAnthony · first_building Monastery |
| 57:19 | Rangga · first_market_sell 100 wood |
| 57:36 | [CCMNG]JhonSlowCo · first_building Siege Workshop |
| 59:15 | Wiggly ChiChisX · wall_segment Stone Wall x7 |
| 59:35 | CCM | Muflon de Elite · resign |
| 60:00 | kirlito · wall_segment Palisade Wall x14 |
| 60:05 | kirlito · wall_segment Palisade Wall x22 |
| 60:07 | kirlito · wall_segment Palisade Wall x17 |
| 60:12 | kirlito · wall_segment Palisade Wall x14 |
| 60:16 | kirlito · wall_segment Palisade Wall x12 |
| 60:20 | kirlito · wall_segment Palisade Wall x16 |
| 60:26 | kirlito · wall_segment Palisade Wall x12 |
[ AI ANALYSIS · 1 CREDIT ]
What really happened in this match?
Wolo.gg analyzes every decision: build order, eco, micro, common mistakes by bracket. Personalized analysis on WhatsApp or Discord in 30 seconds.
Civ guide
Burgundians
Perfil
[CCMNG]JhonSlowCo